 Dungeon Crawl Stone Soup version 0.30-a0-34-gbe8da3892a (webtiles) character file.

Game seed: 8822549978097776948

1456 ytrimaz the Magician (level 8, -3/57 HPs)
             Began as an Octopode Transmuter on Aug 27, 2022.
             Was an Initiate of Ashenzari.
             Slain by a gnoll
             ... wielding a +2 vorpal flail
             ... led by a gnoll sergeant
              (12 damage)
             ... on level 6 of the Dungeon.
             The game lasted 00:08:11 (7231 turns).

ytrimaz the Magician (Octopode Transmuter)          Turns: 7231, Time: 00:08:12

Health: -3/57      AC:  6    Str: 10    XL:     8   Next: 76%
Magic:  16/18      EV: 14    Int: 17    God:    Ashenzari [......]
Gold:   309        SH:  5    Dex: 12    Spells: 10/20 levels left

rFire   x . .      SeeInvis .      - Unarmed
rCold   + + +      Faith    .    (shield currently unavailable)
rNeg    . . .      Spirit   .    (helmet currently unavailable)
rPois   +          Reflect  +    n - amulet of reflection
rElec   .          Harm     .    g - +4 ring of evasion
rCorr   .          Rampage  .    a - ring of flight
Will    .....                    (no ring)
Stlth   +.........               (no ring)
HPRegen 0.19/turn                (no ring)
MPRegen 0.16/turn                (no ring)
                                 (no ring)
                                 (no ring)

@: ice-form, flying
A: freezing attack, boosted hp, almost no armour, amphibious, 8 rings, large,
(camouflage 1), (gelatinous body 1), (nimble swimmer 1), (tentacles)
a: End Transformation, Renounce Religion


You were on level 6 of the Dungeon.
You worshipped Ashenzari.
Ashenzari was noncommittal.
You were a creature of crystalline ice.
You visited 2 branches of the dungeon, and saw 7 of its levels.

You collected 309 gold pieces.

Inventory:

Missiles
 q - 4 throwing nets
Jewellery
 a - a ring of flight (right front paw)
 g - a +4 ring of evasion (left front paw)
 n - an amulet of reflection (around neck)
 v - a ring of ice
Wands
 j - a wand of polymorph (10)
Scrolls
 c - a scroll of noise
 k - a scroll of enchant armour
 o - a scroll of vulnerability
 s - a scroll of magic mapping
 t - a scroll of teleportation
Potions
 b - a potion of might {unknown}
 d - 2 potions of heal wounds
 e - a potion of curing
 f - a potion of magic
 h - a potion of cancellation
 i - a potion of ambrosia
 l - a potion of resistance {unknown}
 m - a potion of mutation
 p - a potion of invisibility {unknown}
 r - 2 potions of flight {unknown}


   Skills:
 - Level 1.0 Fighting
 - Level 2.2 Dodging
 - Level 0.3 Stealth
 - Level 3.4 Unarmed Combat
 + Level 6.8 Spellcasting
 + Level 6.6 Transmutations
 + Level 0.7 Ice Magic
 - Level 4.0 Poison Magic


You had 10 spell levels left.
You knew the following spells:

 Your Spells              Type           Power      Damage    Failure   Level
a - Beastly Appendage     Tmut           56%        N/A       1%          1
b - Wereblood             Tmut           28%        N/A       1%          2
c - Spider Form           Tmut/Pois      23%        N/A       4%          3
d - Ice Form              Ice/Tmut       18%        N/A       26%         4

Your spell library contained the following spells:

 Spells                   Type           Power      Damage    Failure   Level
 Apportation              Tloc           10%        N/A       12%         1
 Foxfire                  Conj/Fire      20%        2x1d5     12%         1
 Necrotise                Necr           20%        1d5       12%         1
 Summon Small Mammal      Summ           20%        N/A       12%         1
 Static Discharge         Conj/Air       10%        3-4/arc   19%         2
 Conjure Flame            Conj/Fire      5%         6-21      34%         3
 Inner Flame              Hex/Fire       5%         N/A       34%         3
 Dispel Undead            Necr           5%         3d7       75%         4
 Flame Wave               Conj/Fire      5%         2d5       75%         4
 Sticky Flame             Conj/Fire      5%         2d3       75%         4


Dungeon Overview and Level Annotations

Branches:
Dungeon (6/15)             Temple (1/1) D:6

Altars:
Ashenzari
Cheibriados
Fedhas
Gozag
Hepliaklqana
Kikubaaqudgha
Makhleb
Ru
Zin
Lugonu


Innate Abilities, Weirdness & Mutations

You are a creature of crystalline ice.
You have a powerful freezing melee attack.
Your maximum health is increased.
Your armour is entirely melded.
You are incapable of wielding weapons or throwing items.
You cannot wear most types of armour.
You are amphibious.
You can wear up to eight rings at the same time.
((Your skin changes colour to match your surroundings (Stealth+).))
((Your rubbery body absorbs attacks. (AC +1, EV +1)))
((You are camouflaged when in or above water. (Stealth+)))
((You have tentacles for arms and can constrict up to eight enemies at once.))


Message History

The gnoll hits you but does no damage.
Unknown command.
You hit the gnoll. You freeze the gnoll.
The gnoll is moderately wounded.
You hit the gnoll sergeant. You freeze the gnoll sergeant.
You feel a bit better.
You kill the gnoll sergeant!
The gnoll closely misses you. You block the gnoll's attack.
The sky beast flickers out of sight!
Deactivating autopickup; reactivate with Ctrl-A.
Something hits you but does no damage.
You hit the gnoll. You freeze the gnoll.
The gnoll is severely wounded.
Your primal bloodlust has ended.
You block the gnoll's attack.
A sky beast appears from thin air!
Reactivating autopickup.
The sky beast barely misses you. The gnoll barely misses you.
The gnoll closely misses you.
You hit the sky beast. You freeze the sky beast.
The sky beast is lightly wounded.
The gnoll closely misses you. You block the gnoll's attack.
The sky beast closely misses you. The gnoll closely misses you.
Unknown command.
You hit the sky beast. You freeze the sky beast.
The sky beast is heavily wounded.
The gnoll hits you with a +0 whip.
The gnoll hits you with a +2 vorpal flail.
The sky beast barely misses you. The gnoll hits you but does no damage.
You hit the sky beast but do no damage.
The sky beast is heavily wounded.
The gnoll barely misses you. You block the sky beast's attack.
The gnoll completely misses you.
The gnoll hits you with a +2 vorpal flail!
You hit the gnoll but do no damage.
The gnoll is severely wounded.
The gnoll closely misses you. The sky beast hits you. The sky beast shocks you.
The gnoll hits you with a +1 vorpal flail!
* * * LOW HITPOINT WARNING * * *
x2 The gnoll hits you with a +2 vorpal flail!
You die...

................
.#..................
.... .......#.g.........
.... ...................
####
#.......................
#..#
#..................#....
...#
#.....#...##............
...#
#.....#gg.#....<........
...#
#......Yg...............
...#
#.....#.Y.##...#...##...
...#
#..$...........###......
#..#
#......#........##......
#..#
#..###)##........#......
...#
#.###).###....##........
...#
#...##...#....##........
...# ..
#.............##........
...# #.#
#.......................


You could see a sky beast, a gnoll sergeant and 3 gnolls.

Vanquished Creatures
  2 water moccasins (D:6)
  2 ice beasts
  A centaur (D:6)
  3 bullfrogs (D:6)
  4 scorpions
  A gnoll sergeant (D:6)
  A gnoll bouda (D:6)
  An orc priest (D:4)
  Natasha (D:4)
  3 iguanas
  2 orc wizards (D:5)
  4 adders
  12 gnolls
  A white imp (D:6)
  An ufetubus (D:2)
  2 worms
  5 dart slugs
  13 orcs
  9 ball pythons
  2 bats
  6 endoplasms
  5 giant cockroaches
  6 hobgoblins
  7 kobolds
  3 quokkas
  4 frilled lizards
  10 goblins
  8 rats
119 creatures vanquished.

Vanquished Creatures (others)
  An orc wizard (D:6)
  2 fungi (D:2)
3 creatures vanquished.

Grand Total: 122 creatures vanquished

Notes
Turn   | Place    | Note
-------+----------+-------------------------------------------
     0 | D:1      | ytrimaz the Octopode Transmuter began the quest for the
                  | Orb.
     0 | D:1      | Reached XP level 1. HP: 13/13 MP: 3/3
   194 | D:1      | Reached XP level 2. HP: 14/18 MP: 3/5
   271 | D:1      | Learned a level 2 spell: Wereblood
   634 | D:1      | Reached XP level 3. HP: 23/23 MP: 4/6
   638 | D:1      | Learned a level 3 spell: Spider Form
  1430 | D:2      | Found a faded altar of an unknown god.
  2359 | D:2      | Reached skill level 1 in Poison Magic
  2567 | D:2      | Reached XP level 4. HP: 28/28 MP: 8/8
  3590 | D:4      | Noticed a scorpion
  3595 | D:4      | Killed a scorpion
  3596 | D:4      | Reached XP level 5. HP: 29/33 MP: 5/10
  3929 | D:4      | Reached XP level 6. HP: 36/38 MP: 9/11
  4121 | D:4      | Noticed Natasha
  4129 | D:4      | Killed Natasha
  4449 | D:4      | Found a hazy altar of Hepliaklqana.
  4514 | D:5      | Entered Level 5 of the Dungeon
  4712 | D:5      | Reached XP level 7. HP: 43/43 MP: 9/13
  5692 | D:5      | Learned a level 4 spell: Ice Form
  5738 | D:6      | Reached skill level 5 in Spellcasting
  5764 | D:6      | Reached skill level 5 in Transmutations
  5777 | D:6      | Reached XP level 8. HP: 15/48 MP: 14/16
  6066 | D:6      | Found a staircase to the Ecumenical Temple.
  6104 | Temple   | Entered the Ecumenical Temple
  6607 | D:6      | Found a broken altar of Ashenzari.
  6613 | D:6      | Became a worshipper of Ashenzari the Shackled
  7231 | D:6      | Slain by a gnoll

Illustrated notes

Levels and vault maps discovered:
D:1:      nicolae_arrival_washed_ashore, layout_basic
D:2:      layout_basic, shapermc_ecumenical_altar_acropolis
D:3:      layout_rooms
D:4:      layout_basic, worldfamousw_hep_ancestral_shrine,
          kennysheep_generic_room_8, uniq_natasha
D:5:      layout_basic
D:6:      layout_cave_pools, lemuel_zombie_altar_yredelemnul, ashenzari_altar_1,
          minmay_temple_entry_mist
Temple:   corrupted_temple

Skill      XL: |  1  2  3  4  5  6  7  8 |
---------------+-------------------------+-----
Poison Magic   | 1 2 3 4 |  4.0
Spellcasting   | 3 4 5 6 |  6.8
Transmutations | 3 4 5 6 |  6.6
Fighting       | |  1.0
Dodging        | |  2.2
Stealth        | |  0.3
Unarmed Combat | |  3.4
Ice Magic      | |  0.7

Action                   |  1- 3 |  4- 6 |  7- 9 || total
-------------------------+-------+-------+-------++-------
Melee: Unarmed           |    83 |    97 |   121 ||   301
       Constrict         |    26 |    15 |     5 ||    46
       Kick              |    21 |    22 |     2 ||    45
       Punch             |     2 |     3 |     2 ||     7
       Tentacles         |    18 |     9 |     2 ||    29
 Cast: Beastly Appendage |    26 |    18 |     2 ||    46
       Spider Form       |       |     5 |     7 ||    12
       Wereblood         |       |     3 |     1 ||     4
       Ice Form          |       |       |     3 ||     3
Evoke: Wand              |       |       |     2 ||     2
  Use: Scroll            |     2 |     6 |     9 ||    17
       Potion            |       |       |     3 ||     3
 Stab: Sleeping          |     9 |     8 |       ||    17
Armor: Skin              |    10 |     4 |    35 ||    49
Dodge: Dodged            |    50 |    59 |    95 ||   204
Block: Other             |       |     3 |    38 ||    41

Table legend: (Time is in decaauts)
 A = Elapsed time spent in this place.
 B = Non-inter-level travel time spent in this place.
 C = Inter-level travel time spent in this place.
 D = Time resting spent in this place.
 E = Time spent auto-exploring this place.
 F = Levels seen in this place.
 G = Mean time per level.
                   A        B        C        D        E       F      G
               +--------+--------+--------+--------+--------+-----+--------+
         Total |   7220 |   6996 |    224 |    771 |   5179 |   7 | 1031.4 |
       Dungeon |   7136 |   6923 |    213 |    771 |   5114 |   6 | 1189.3 |
        Temple |     83 |     72 |     11 |      0 |     65 |   1 |   83.0 |
               +--------+--------+--------+--------+--------+-----+--------+

Top non-repeatable levels by time:
     D:1: 1401 daAuts
     D:2: 1378 daAuts
     D:5: 1366 daAuts
     D:6: 1258 daAuts
     D:4: 972 daAuts
     D:3: 759 daAuts
  Temple: 83 daAuts
